 Dungeon Crawl Stone Soup version 0.30.1-11-g7821555f0a (webtiles) character file.

Game seed: 11573271998073976407

812 ChrisAssaf the Slasher (level 8, 7/54 HPs)
             Began as a Human Chaos Knight on Dec 26, 2023.
             Was a Plaything of Xom.
             Quit the game on level 6 of the Dungeon.
             The game lasted 00:18:09 (4383 turns).

ChrisAssaf the Slasher (Human Chaos Knight)         Turns: 4383, Time: 00:18:09

Health: 7/54       AC: 15    Str: 14    XL:     8   Next: 15%
Magic:  3/17       EV:  4    Int: 14    God:    Xom [...*..]
Gold:   183        SH:  0    Dex: 13    Spells: 7/7 levels left

rFire   . . .        a - +0 falchion (chaos)
rCold   . . .        (no shield)
rNeg    . . .        v - +0 plate armour "Atabauj" {Rampage rPois Str+3 Dex-4}
rPois   +            (no helmet)
rElec   .            (no cloak)
rCorr   .            (no gloves)
SInv    .            z - +2 pair of boots
Will    .....        g - amulet of guardian spirit Stlth
                     u - ring of magical power
HPRegen 0.29/turn    y - ring of wizardry
MPRegen 0.15/turn

%: clarity, guardian spirit, rampage, wizardry (x1)
@: lethally poisoned (7 -> 0)
A: agile 1, clarity, frail 1, subdued magic 1
a: Renounce Religion


You were on level 6 of the Dungeon.
You worshipped Xom.
You were a favourite toy of Xom.
You visited 1 branch of the dungeon, and saw 6 of its levels.

You collected 197 gold pieces.
You spent 14 gold pieces at shops.

Inventory:

Hand Weapons
 a - a +0 falchion of chaos (weapon)
 r - a +0 battleaxe
Missiles
 b - a silver boomerang (quivered)
Armour
 v - the +0 plate armour "Atabauj" (worn) {Rampage rPois Str+3 Dex-4}
   (You found it on level 3 of the Dungeon)

   Str:       It affects your strength (+3).
   Dex:       It affects your dexterity (-4).
   rPois:     It protects you from poison.
   Rampage:   It bestows one free step when moving towards enemies.
 z - a +2 pair of boots (worn)
Jewellery
 g - an amulet of guardian spirit (around neck)
 u - a ring of magical power (left hand)
 y - a ring of wizardry (right hand)
Wands
 m - a wand of polymorph (4)
 A - a wand of flame (8)
Scrolls
 n - 2 scrolls of vulnerability
 s - a scroll of immolation
Potions
 d - 3 potions of curing
 f - 2 potions of resistance {unknown}
 h - a potion of mutation {unknown}
 i - a potion of flight {unknown}
 l - a potion of invisibility {unknown}
 o - 2 potions of degeneration {unknown}
 q - 3 potions of heal wounds {unknown}
 t - a potion of haste {unknown}
 w - a potion of attraction {unknown}
Miscellaneous
 c - a piece from Xom's chessboard (14/15)


   Skills:
 * Level 4.2 Fighting
 * Level 2.2(3.6) Short Blades
 + Level 4.3(4.6) Long Blades
 * Level 2.4 Throwing
 * Level 4.3 Armour
 * Level 2.7 Dodging
 * Level 2.9 Stealth
 * Level 2.4 Evocations


You had 7 spell levels left.
You didn't know any spells.
Your spell library contained the following spells:

 Spells                   Type           Power      Damage    Failure   Level
 Magic Dart               Conj           0%         1d3       100%        1
 Sting                    Tmut/Pois      0%         1d3       100%        1
 Blink                    Tloc           0%         N/A       100%        2
 Cigotuvi's Dreadful Rot  Necr/Pois/Air  0%         N/A       100%        2
 Ensorcelled Hibernation  Hex/Ice        0%         N/A       100%        2
 Lesser Beckoning         Tloc           0%         N/A       100%        2
 Momentum Strike          Conj/Tloc      0%         3d8       100%        2
 Passwall                 Tmut/Erth      0%         N/A       100%        2
 Poisonous Vapours        Pois/Air       0%         N/A       100%        2
 Searing Ray              Conj           0%         2d4       100%        2
 Mephitic Cloud           Conj/Pois/Air  0%         N/A       100%        3
 Swiftness                Air            0%         N/A       100%        3
 Dispel Undead            Necr           0%         3d6       100%        4
 Fulminant Prism          Conj/Hex       0%         3d5       100%        4
 Olgreb's Toxic Radiance  Pois           0%         N/A       100%        4
 Freezing Cloud           Conj/Ice/Air   0%         6-21      100%        5
 Death Channel            Necr           0%         N/A       100%        6


Dungeon Overview and Level Annotations

Branches:
Dungeon (6/15)             Temple (0/1) D:5

Altars:
Wu Jian

Shops:
D:1 *   D:5 *

Annotations:
D:6 Sigmund


Innate Abilities, Weirdness & Mutations

You are agile. (Dex +4, Str/Int -1)
You possess an exceptional clarity of mind.
You are frail. (-10% HP)
Your spells are a little easier to cast, but a little less powerful.


Message History

The sleepcap releases spores at you but does no damage.
The kobold hits you but does no damage.
The white imp hits you but does no damage.
Sigmund hits you but does no damage.
You feel better.
The adder bites you but does no damage. x2
The gnoll barely misses you. The kobold hits you but does no damage.
The gnoll barely misses you. The sleepcap releases spores at you.
* * * LOW HITPOINT WARNING * * *
You are engulfed in a cloud of soporific spores!
You are unaffected.
The kobold brigand hits you with a +0 short sword.
* * * LOW HITPOINT WARNING * * *
The white imp hits you but does no damage.
You hit the adder. You burn the adder.
The adder is severely wounded.
Sigmund barely misses you. The adder bites you but does no damage.
The kobold hits you but does no damage.
The gnoll hits you from afar with a +0 spear.
* * * LOW HITPOINT WARNING * * *
The kobold brigand hits you but does no damage.
The sleepcap releases spores at you but does no damage.
The gnoll hits you from afar with a +0 halberd!
* * * LOW HITPOINT WARNING * * *
The white imp hits you but does no damage.
You miss the adder.
The adder is severely wounded.
Xom's power almost touches on you for a moment.
The water briefly bubbles.
The adder bites you but does no damage. The gnoll barely misses you.
The gnoll hits you but does no damage.
A kobold comes into view. It is wielding a +0 dagger.
The kobold hits you but does no damage.
The kobold throws a poisoned dart.
The poisoned dart hits you!
You are lethally poisoned!
The kobold brigand hits you but does no damage.
Sigmund hits you but does no damage.
The sleepcap releases spores at you but does no damage.
The white imp gestures at you.
The puff of frost hits you but does no damage.
The adder bites you but does no damage.
Are you sure you want to abandon this character and quit the game? (Confirm with "yes".)

#.#...@. #.##.#Y## # ..#
#.......# #.# .. .
#.##.#..###.# ######. ...
#.##.#..##...##.....##..
.........K..#..l......##
#.##.#....##..KK≈≈.....# #
#.##.##.#..#.KgK≈≈.....#..
#.......###..K@K@S..♣ .#
####......#..##.5f..♣♣..#.
#.####....##.gg........
#.# ##.............# #†#
#........≈≈...#
####.#######...##..≈≈..#.#
..........##... #......#
####.####.##... ......##
#..# #.##.5...##..


You could see a kobold brigand, Sigmund, a sleepcap, an iguana, 3 gnolls, an
adder, a white imp and 6 kobolds.

Vanquished Creatures
  A water moccasin (D:5)
  An ogre (D:5)
  A scorpion (D:5)
  2 howler monkeys (D:5)
  A jelly (D:5)
  4 hounds
  Jessica (D:2)
  A sleepcap (D:5)
  Terence (D:2)
  4 orc wizards
  9 adders
  3 ufetubi
  A worm (D:3)
  2 dart slugs
  11 orcs
  4 bats
  10 endoplasms
  2 giant cockroaches
  2 goblins (D:2)
  A hobgoblin (D:4)
  A quokka (D:1)
  2 ball pythons
  4 frilled lizards
  4 kobolds
  4 rats
77 creatures vanquished.

Notes
Turn   | Place    | Note
-------+----------+-------------------------------------------
     0 | D:1      | ChrisAssaf the Human Chaos Knight began the quest for the
                  | Orb.
     0 | D:1      | Reached XP level 1. HP: 18/18 MP: 1/1
   172 | D:1      | Reached XP level 2. HP: 23/24 MP: 2/2
   308 | D:1      | Found Wat Zouc's Assorted Antiques.
   318 | D:1      | Bought a ruby potion for 14 gold pieces
   357 | D:1      | XOM: silly message
   361 | D:1      | XOM: give mutations
   361 | D:1      | Gained mutation: Your spells are a little easier to cast,
                  | but a little less powerful. [Xom's mischief]
   361 | D:1      | Gained mutation: Your magical capacity is low. (-10% MP)
                  | [Xom's mischief]
   423 | D:1      | XOM: 1-stop teleportation journey
   663 | D:1      | XOM: give mutation
   663 | D:1      | Gained mutation: You are frail. (-10% HP) [Xom's mischief]
   820 | D:2      | XOM: 1-stop teleportation journey
   909 | D:2      | Noticed Jessica
   912 | D:2      | Killed Jessica
   913 | D:2      | Reached XP level 3. HP: 26/26 MP: 2/2
  1098 | D:2      | Reached XP level 4. HP: 29/31 MP: 3/3
  1340 | D:2      | Reached skill level 1 in Evocations
  1372 | D:2      | Noticed Terence
  1387 | D:2      | Killed Terence
  1388 | D:2      | Reached skill level 1 in Stealth
  1697 | D:3      | XOM: confusion (+ monsters)
  1701 | D:3      | Reached skill level 1 in Throwing
  1701 | D:3      | Reached XP level 5. HP: 36/36 MP: 4/4
  1702 | D:3      | Reached skill level 1 in Short Blades
  1704 | D:3      | XOM: enchant monster (good)
  1707 | D:3      | XOM: enchant monster (bad)
  1845 | D:3      | XOM: summons 3 hostile demons
  1857 | D:3      | XOM: 1-stop teleportation journey
  2126 | D:3      | Identified the +0 plate armour "Atabauj" {Rampage rPois
                  | Str+3 Dex-4}
  2501 | D:4      | XOM: enchant monster (bad)
  2524 | D:4      | XOM: scenery: summon butterflies
  2531 | D:4      | XOM: god gift: battleaxe {god gift}
  2553 | D:4      | Reached XP level 6. HP: 36/43 MP: 5/5
  2698 | D:4      | XOM: give mutations
  2698 | D:4      | Lost mutation: Your magical capacity is low. (-10% MP)
                  | [Xom's grace]
  2698 | D:4      | Gained mutation: You possess an exceptional clarity of
                  | mind. [Xom's grace]
  2990 | D:5      | Entered Level 5 of the Dungeon
  3010 | D:5      | XOM: scenery: 1 doors open
  3062 | D:5      | XOM: scenery: 1 doors close
  3140 | D:5      | Reached XP level 7. HP: 31/47 MP: 7/7
  3216 | D:5      | XOM: scenery: 1 doors open
  3236 | D:5      | XOM: give mutation
  3236 | D:5      | Gained mutation: You are agile. (Dex +4, Str/Int -1) [Xom's
                  | grace]
  3242 | D:5      | Noticed a water moccasin
  3251 | D:5      | Killed a water moccasin
  3504 | D:5      | Found a staircase to the Ecumenical Temple.
  3747 | D:5      | Reached XP level 8. HP: 17/54 MP: 7/8
  3963 | D:5      | Found Jiuginuh's Neck Hole.
  3963 | D:5      | XOM: 9-stop teleportation journey
  4349 | D:6      | Noticed Sigmund
  4354 | D:6      | Found an ornate altar of the Wu Jian Council.
  4382 | D:6      | XOM: silly message
  4383 | D:6      | Quit the game

Illustrated notes

Levels and vault maps discovered:
D:1:      dpeg_arrival_concentric_ovals, layout_basic, serial_shops, shop
D:2:      layout_loops_ring, uniq_terence, uniq_jessica
D:3:      layout_loops_ring
D:4:      layout_rooms, hangedman_glass_teeth
D:5:      kb_forest_paths, layout_basic, minmay_temple_entry_statues,
          nicolae_shop_sticking_my_neck_out
D:6:      layout_loops_ring, nicolae_wu_jian_wuxing_cycle,
          gammafunk_temple_overflow_pools, nicolae_elevator_lobby_plus,
          uniq_sigmund

Skill      XL: |  1  2  3  4  5  6  7 |
---------------+----------------------+-----
Evocations     | 1 2 |  2.4
Stealth        | 1 2 |  2.9
Throwing       | 1 2 |  2.4
Short Blades   | 1 2 |  2.2
Dodging        | 2 |  2.7
Armour         | 3 4 |  4.3
Fighting       | 4 |  4.2
Long Blades    | 4 |  4.3

Action                     |  1- 3 |  4- 6 |  7- 9 || total
---------------------------+-------+-------+-------++-------
  Melee: Falchion          |    21 |   165 |   112 ||   298
         Punch             |       |     1 |       ||     1
  Throw: Javelin           |    11 |    30 |     3 ||    44
  Evoke: Piece from Xom's  |       |     6 |     2 ||     8
    Use: Scroll            |     2 |     4 |     6 ||    12
         Potion            |       |     2 |     1 ||     3
   Stab: Paralysed         |       |    12 |       ||    12
         Petrifying        |       |     1 |       ||     1
         Sleeping          |       |       |     2 ||     2
         Confused          |       |       |     1 ||     1
 Armour: Leather armour    |    11 |     1 |       ||    12
         Chain mail        |       |    46 |       ||    46
         Plate armour      |       |    88 |   173 ||   261
  Dodge: Dodged            |    12 |    49 |    34 ||    95
